 Dungeon Crawl Stone Soup version 0.31.0-12-g77e489cdc1 (webtiles) character file.

Game seed: 10056626578671649870

70 RancidPinata the Cudgeller (level 4, -4/28 HPs)
             Began as a Gargoyle Gladiator on Feb 22, 2024.
             Slain by a cerulean imp
             ... wielding a +3 spear
             ... summoned by Natasha
              (6 damage)
             ... on level 2 of the Dungeon.
             The game lasted 00:03:43 (1365 turns).

RancidPinata the Cudgeller (Gargoyle Gladiator)     Turns: 1365, Time: 00:03:44

Health: -4/28      AC:  7    Str: 17    XL:     4   Next: 22%
Magic:  4/4        EV: 12    Int:  9    God:
Gold:   55         SH:  0    Dex: 13    Spells: 3/3 levels left

rFire   . . .        a - +0 flail
rCold   . . .        (no shield)
rNeg    + . .        b - +0 leather armour
rPois   ∞            c - +0 helmet
rElec   +            (no cloak)
rCorr   .            (no gloves)
SInv    .            (no boots)
Will    .....        (no amulet)
Stlth   +            (no ring)
HPRegen 0.24/turn    (no ring)
MPRegen 0.09/turn

%: no passive effects
@: slowed, very slow
A: sickness immunity, AC +3, negative energy resistance 1, electricity
resistance, torment resistance 1, petrification resistance
a: no special abilities


You were on level 2 of the Dungeon.
You visited 1 branch of the dungeon, and saw 2 of its levels.

You collected 55 gold pieces.

Inventory:

Hand Weapons
 a - a +0 flail (weapon)
Missiles
 d - 3 throwing nets (quivered)
 e - 5 javelins
 h - 28 stones
Armour
 b - a +0 leather armour (worn)
 c - a +0 helmet (worn)
Jewellery
 j - an amulet of magic regeneration
Scrolls
 f - 2 scrolls of identify {unknown}
 m - a scroll of teleportation {unknown}
 n - a scroll of butterflies {unknown}
Potions
 g - 4 potions of might {unknown}
 i - 2 potions of attraction {unknown}
 k - 2 potions of heal wounds {unknown}
 l - 2 potions of enlightenment {unknown}


   Skills:
 * Level 3.2 Fighting
 * Level 3.6 Maces & Flails
 + Level 2.2 Throwing
 + Level 1.4 Armour
 + Level 2.6 Dodging


You had 3 spell levels left.
You didn't know any spells.
Your spell library was empty.

Dungeon Overview and Level Annotations

Branches:
Dungeon (2/15)

Altars:

Shops:
D:1 ?

Annotations:
D:2 Natasha


Innate Abilities, Weirdness & Mutations

You are immune to sickness and miasma.
Your stone body is resilient. (AC +3)
You are immune to poison.
You resist negative energy. (rN+)
You are resistant to electric shocks. (rElec)
You are resistant to unholy torment.
You are immune to petrification.


Message History

You closely miss Natasha. Natasha misses you.
The cerulean imp hits you from afar with a +3 spear.
You hit Natasha but do no damage. Natasha closely misses you.
The cerulean imp hits you from afar with a +3 spear.
Natasha claws you.
You sock Natasha!
Natasha is heavily wounded.
The cerulean imp barely misses you. Natasha barely misses you.
The cerulean imp hits you from afar with a +3 spear.
You miss Natasha.
Natasha is heavily wounded.
Natasha claws you.
The cerulean imp hits you but does no damage.
You hit Natasha.
Natasha is almost dead.
Natasha casts a spell at you.
You feel yourself slow down. The cerulean imp barely misses you.
You hit Natasha but do no damage.
Natasha is almost dead.
Natasha closely misses you. The cerulean imp barely misses you.
Natasha mumbles some strange words.
The cerulean imp hits you from afar with a +3 spear.
You closely miss Natasha.
Natasha is almost dead.
Natasha claws you.
* * * LOW HITPOINT WARNING * * *
The cerulean imp hits you but does no damage.
The cerulean imp completely misses you.
Natasha stares at you and mumbles some strange words.
You feel as though you will be slow longer.
The cerulean imp hits you from afar with a +3 spear.
* * * LOW HITPOINT WARNING * * *
You closely miss Natasha.
Natasha is almost dead.
The cerulean imp hits you but does no damage.
Natasha mumbles some strange words.
You feel disoriented. Natasha barely misses you.
The cerulean imp hits you from afar with a +3 spear.
You die...

#... #.... #....
...# ... #.#
#.########
#######5@h55....
..
.......!#####.##
#. ######..#
#.#######..#####
#.#............#
#.#.#####..###.#
#.#.# #..#
####.#.#####..#
#......##.....#


You could see Natasha and 3 cerulean imps.

Vanquished Creatures
  A gnoll (D:1)
  2 adders (D:2)
  2 dart slugs
  A ribbon worm (D:2)
  4 bats
  3 endoplasms (D:2)
  2 giant cockroaches
  4 hobgoblins
  4 jackals (D:1)
  2 quokkas
  3 ball pythons
  3 frilled lizards (D:1)
  A goblin (D:2)
  A kobold (D:2)
  3 rats
36 creatures vanquished.

Notes
Turn   | Place    | Note
-------+----------+-------------------------------------------
     0 | D:1      | RancidPinata the Gargoyle Gladiator began the quest for the
                  | Orb.
     0 | D:1      | Reached XP level 1. HP: 12/12 MP: 1/1
     7 | D:1      | Noticed an electric eel
   106 | D:1      | Reached XP level 2. HP: 18/18 MP: 2/2
   228 | D:1      | Reached skill level 1 in Armour
   323 | D:1      | Reached XP level 3. HP: 22/22 MP: 3/3
   673 | D:1      | Found Xededoz's Magic Scroll Emporium.
  1259 | D:2      | Reached XP level 4. HP: 28/28 MP: 4/4
  1333 | D:2      | Noticed Natasha
  1365 | D:2      | Slain by a cerulean imp

Illustrated notes

Levels and vault maps discovered:
D:1:      arrival_aquarium_a, layout_loops_corners, serial_shops, shop,
          chequers_arboretum, kennysheep_nondescript
D:2:      layout_loops_ring, minmay_goblin_kobold_house, uniq_natasha,
          uniq_crazy_yiuf_cottage

Skill      XL: |  1  2  3 |
---------------+----------+-----
Throwing       | 2 |  2.2
Armour         | 1 |  1.4
Fighting       | 3 |  3.2
Maces & Flails | |  3.6
Dodging        | |  2.6

Action                     |  1- 3 |  4- 6 || total
---------------------------+-------+-------++-------
  Melee: Flail             |    87 |    45 ||   132
         Punch             |       |     1 ||     1
 Armour: Leather armour    |    45 |    35 ||    80
  Dodge: Dodged            |    70 |    29 ||    99
